 Dungeon Crawl Stone Soup version 0.26.1-2-gb8aa6d0cf2 (webtiles) character file.

Game seed: 403681404726933724

534 Gauvater the Chopper (level 7, -17/63 HPs)
             Began as a Palentonga Fighter on Feb 14, 2021.
             Demolished by an ogre
             ... wielding a +0 giant club
              (30 damage)
             ... on level 4 of the Dungeon.
             The game lasted 00:09:04 (4793 turns).

Gauvater the Chopper (Palentonga Fighter)           Turns: 4793, Time: 00:09:05

Health: -17/63     AC: 14    Str: 21    XL:     7   Next: 4%
Magic:  7/7        EV:  6    Int:  8    God:
Gold:   110        SH:  9    Dex: 10    Spells: 6/6 levels left

rFire    . . .     SeeInvis +   a - +0 war axe
rCold    . . .     Faith    .   c - +0 kite shield
rNeg     . . .     Spirit   .   b - +0 scale mail
rPois    .         Reflect  .   (no helmet)
rElec    .         Harm     .   (no cloak)
rCorr    .         Rampage  .   (no gloves)
Will     .....                  (no barding)
Stlth    ..........             (no amulet)
HPRegen  0.20/turn              (no ring)
MPRegen  0.10/turn              (no ring)

@: curled up
A: large, rugged brown scales 3, see invisible, deformed body, roll 1, armoured
tail, reflexive curl
a: Rolling Charge


You were on level 4 of the Dungeon.
You visited 1 branch of the dungeon, and saw 5 of its levels.

You collected 110 gold pieces.

Inventory:

Hand Weapons
 a - a +0 war axe (weapon)
 y - a +0 hand crossbow
Missiles
 e - 69 stones
 h - 38 poisoned darts
 n - 62 bolts
 t - 63 sling bullets
 z - 55 arrows
Armour
 b - a +0 scale mail (worn)
 c - a +0 kite shield (worn)
Jewellery
 s - a cursed ring of teleportation {unknown}
Scrolls
 f - a scroll of noise {unknown}
 g - 2 scrolls of fear {unknown}
 i - 3 scrolls of teleportation {unknown}
 j - a scroll of random uselessness {unknown}
 l - 2 scrolls of amnesia {unknown}
 m - a scroll of enchant armour {unknown}
 p - 4 scrolls of identify {unknown}
 r - 3 scrolls of remove curse {unknown}
 v - 2 scrolls of fog {unknown}
 x - a scroll of magic mapping {unknown}
Potions
 d - 3 potions of might
 k - 4 potions of curing {unknown}
 o - a potion of invisibility {unknown}
 q - a potion of heal wounds
 u - a potion of flight {unknown}
 w - 2 potions of mutation {unknown}
 A - a potion of lignification {unknown}
 B - a potion of haste {unknown}


   Skills:
 + Level 4.2 Fighting
 + Level 5.2 Axes
 + Level 0.1 Throwing
 + Level 3.7 Armour
 + Level 0.8 Dodging
 + Level 0.4 Stealth
 + Level 3.2 Shields


You had 6 spell levels left.
You didn't know any spells.
Your spell library contained the following spells:

 Spells                   Type           Power        Failure   Level
 Beastly Appendage        Tmut           0%           99%         1
 Wereblood                Tmut           0%           99%         2
 Spider Form              Tmut/Pois      0%           100%        3
 Ice Form                 Ice/Tmut       0%           100%        4
 Blade Hands              Tmut           0%           100%        5


Dungeon Overview and Level Annotations

Branches:
Dungeon (5/15)
 Temple: D:4-7

Altars:
Gozag
Uskayaw
Wu Jian
The Shining One

Annotations:
D:5 Ijyb


Innate Abilities, Weirdness & Mutations

You are completely covered in rugged brown scales. (AC +3, +7% HP)
You have supernaturally acute eyesight. (SInv)
Armour fits poorly on your strangely shaped body.
You can roll at nearby foes to attack.
You have a long armoured tail.
You curl defensively after being hit.


Message History

You climb upwards.
There is a stone staircase leading down here.
Unknown command.
You slash the ogre!
The ogre is heavily wounded.
The ogre barely misses you.
You slash the ogre!
The ogre is severely wounded.
You block the ogre's attack. x2
You barely miss the ogre.
The ogre is severely wounded.
You block the ogre's attack.
Your scale mail prevents you from hitting the ogre.
The ogre is severely wounded.
The ogre hits you with a +0 giant club!!
* * * LOW HITPOINT WARNING * * *
You hit the ogre.
The ogre is almost dead.
The ogre hits you with a +0 giant club!!
You die...

............#.....#
#...#
.....########.....#
#...# .....# #####.##.##
#...##
.....####........#
#...#.
.................#
######...#.
##...............#
#....#.....
#.._......####..#
####.##.#.....
#.........##...O#
#....##.##....
#.........##...@#
#.#####.......
##########.....## #.#
#####... #.#...# #.#
#... #.#...####.# #...
#.#.####...#########...
##.#...##.#.........#...
#......##.#)........#...
#..........)[.......#...
#.......##..........####


You could see an ogre.

Vanquished Creatures
  2 ogres (D:4)
  A phantom (D:4)
  A hound (D:3)
  A bullfrog skeleton (D:4)
  An orc priest (D:3)
  An orc wizard (D:4)
  A worker ant (D:4)
  A hound skeleton (D:4)
  3 adders (D:2)
  An ooze (D:1)
  An adder skeleton (D:4)
  2 worms
  3 dart slugs
  2 leopard geckos (D:2)
  9 orcs
  A ball python (D:3)
  2 giant cockroaches
  5 hobgoblins
  7 jackals
  6 bats
  7 frilled lizards
  6 goblins
  10 kobolds
  5 rats
79 creatures vanquished.

Notes
Turn   | Place    | Note
-------+----------+-------------------------------------------
     0 | D:1      | Gauvater the Palentonga Fighter began the quest for the
                  | Orb.
     0 | D:1      | Reached XP level 1. HP: 20/20 MP: 1/1
   326 | D:1      | Reached XP level 2. HP: 24/27 MP: 2/2
   733 | D:1      | Reached XP level 3. HP: 33/33 MP: 3/3
  1373 | D:2      | Reached skill level 3 in Axes
  1425 | D:2      | You fall into a shaft and drop 1 floor!
  1476 | D:3      | Reached XP level 4. HP: 40/40 MP: 4/4
  1572 | D:3      | Found a glowing golden altar of the Shining One.
  1722 | D:3      | Found a hide-covered altar of Uskayaw.
  2390 | D:2      | Found an ornate altar of the Wu Jian Council.
  2957 | D:3      | Reached XP level 5. HP: 28/48 MP: 5/5
  3206 | D:3      | Reached skill level 4 in Axes
  3441 | D:4      | Found an opulent altar of Gozag.
  3457 | D:4      | Noticed an ogre
  3458 | D:4      | Killed an ogre
  3459 | D:4      | Reached XP level 6. HP: 55/55 MP: 6/6
  4337 | D:4      | Reached skill level 5 in Axes
  4351 | D:4      | Gained mutation: You curl defensively after being hit.
                  | [Palentonga growth]
  4351 | D:4      | Reached XP level 7. HP: 49/63 MP: 7/7
  4725 | D:5      | Entered Level 5 of the Dungeon
  4776 | D:5      | Noticed Ijyb
  4793 | D:4      | Demolished by an ogre

Illustrated notes

Levels and vault maps discovered:
D:1:      saegor_arrival_simple_c, layout_basic
D:2:      layout_basic, nzn_wu_jian_council_hall
D:3:      layout_rooms, lemuel_doored_altar, eat_drink_and_be_merry_uskayaw,
          chequers_arboretum, feat_on_display
D:4:      layout_basic, overflow_temple_1_default
D:5:      layout_cave_pods, minmay_temple_entry_antechambers,
          gammafunk_ghost_split, kennysheep_slug_shrine, uniq_ijyb

Skill      XL: |  1  2  3  4  5  6 |
---------------+-------------------+-----
Axes           | 3 4 5 |  5.2
Armour         | 3 |  3.7
Shields        | 3 |  3.2
Fighting       | 4 |  4.2
Throwing       | |  0.1
Dodging        | |  0.8
Stealth        | |  0.4

Action                   |  1- 3 |  4- 6 |  7- 9 || total
-------------------------+-------+-------+-------++-------
Melee: War axe           |   106 |   128 |     6 ||   240
       Tailslap          |     7 |    12 |       ||    19
Throw: Dart              |       |     3 |       ||     3
       Throwing net      |       |     1 |       ||     1
 Abil: Rolling Charge    |    24 |    18 |     1 ||    43
Armor: Scale mail        |    79 |    42 |       ||   121
Dodge: Dodged            |    28 |    24 |     1 ||    53
Block: Kite shield       |    66 |    52 |     3 ||   121
